[Event "44th Chess Olympiad Open 2022"]
[Site "Chennai"]
[Date "2022.07.30"]
[Round "2.20"]
[White "Bastidas Rodriguez, Emilio"]
[Black "Gavrilescu, David"]
[Result "1/2-1/2"]
[WhiteElo "2351"]
[BlackElo "2525"]
[Annotator "ChessBase"]
[PlyCount "63"]
[EventDate "2022.??.??"]
[TimeControl "60"]

1. c4 e6 2. g3 d5 3. Bg2 d4 4. Nf3 c5 5. b4 cxb4 6. a3 bxa3 7. O-O Nf6 8.
d3 Nc6 9. Qa4 Nd7 10. Bxa3 Bxa3 11. Qxa3 Qe7 12. Nbd2 Nc5 13.
Rfb1 Rb8 14. Rb5 b6 15. Ng5 Bd7 16. Nde4 Nxe4 17. Bxe4 Qxa3 18. Rxa3 h6 19. Nf3 Ne7 20. Rxa7 Nc8 21. Ra6 Bxb5 22. cxb5 Nd6 23. Nxd4 O-O 24. Bc6 Rfd8 25. Nf3 Nf5 26. Ne5 Nd4 27. e3 f6 28. Nd7 Nxc6 29. bxc6 Rbc8 30. Rxb6 Rc7 31. d4 Rdc8 32. Nb8 1/2-1/2

[Event "44th Chess Olympiad Open 2022"]
[Site "Chennai"]
[Date "2022.07.30"]
[Round "2.21"]
[White "Yilmaz, Mustafa"]
[Black "Greet, Andrew N"]
[Result "1-0"]
[WhiteElo "2634"]
[BlackElo "2392"]
[Annotator "TA"]
[PlyCount "117"]
[EventDate "2022.??.??"]
[TimeControl "60"]

1. d4 e6 2. c4 f5 3. g3 Nf6 4. Bg2 d5 5. Nf3 Bd6 6. Qc2 O-O 7. O-O c6 8. Bf4 Bxf4 9.
gxf4 Ne4 10. Nc3 {[%emt 0:04:28] A90: Dutch
Defence: Miscellaneous and Modern Stonewall (with ...Bd6).} Nd7 11. Rac1 $5 {[%emt 0:01:13] A promising side line.} Rf6 12.
e3 {[%emt 0:05:20] The position is equal.} Rh6 {[%emt 0:04:31] [#]} 13. h3 $146 ({Predecessor:} 13. Nxe4 fxe4 14. Ne5 Qh4 15. h3 Nxe5 16. fxe5
Bd7 17. f3 Qg5 18. fxe4 Qxe3+ 19. Qf2 Qxf2+ 20. Rxf2 dxe4 {0-1 (40) Arbouche,M
(2234)-Chahrani,I (2275) Amman 2008}) 13... Qe7 14. Kh2 b6 15. Rg1 Bb7 16. Nxe4 fxe4 17. Ne5 Nxe5 18. dxe5 Qh4 19. Bf1 d4 (19... c5 $11) 20. c5 $1 $16 d3 21. Qd2 {[%emt 0:00:00] Strongly threatening Rg3.}
bxc5 22. Rg3 Qd8 (22... c4
$16) 23. Bg2 $1 $18 Qd5 {[%emt 0:00:24] [#]} 24. f3 $2 (24. b3 $1 $18) 24... c4 25. fxe4 Qb5 26. Bf3 Ba6 27.
Rcg1 Rg6 (27... g6 $14) 28. Bg4 (28. Rxg6 $18 hxg6 29. Qg2 (29. Rxg6 Re8 $18)) 28... Rb8 $2 {[%emt 0:00:
18] [#]} (28... Re8 $16) 29. Bxe6+ $1 Kf8 30.
Rxg6 hxg6 31. b3 cxb3 32. axb3 (32. Qg2 $142 d2 33. Qxg6 (33. Qxd2
Qd3 $18) 33... Qe2+ 34. Rg2) 32... Qc5 33. Rxg6 {[%emt 0:00:
39] aiming for Qe1.} Qc2 34. Rg2 {[%emt 0:00:11][%cal Yg6g2,
Yg2d2,Yd2a2] Black must now prevent Qa5.} Qxd2 35. Rxd2 {
[%emt 0:00:02] Endgame KRB-KRB} Rb4 36. Kg3 Ke7 37. Bc4 Bxc4 38. bxc4 {
[%emt 0:00:01] KR-KR} Rb3 (38... Rxc4 $142 39. Rxd3 a5) 39.
Kf3 a5 40. Ra2 $2 (40. f5 a4
41. e6 (41. Rg2 Kf8 $18)) 40... Rb1 41. Rd2 $2 (41. Rxa5 $2 d2 42. Ra7+ Ke6 43. f5+ Kxe5 $19) (41. e6 $16) 41... Rb3 $1 42. f5 a4 43. e6 (43. Rg2 Kf8 $18) 43... a3 44. e5 g6 (44... Rb2 $2 45. Rxd3 a2 46. Rd7+ Kf8 47.
Rf7+ Ke8 48. Ra7) (44... Rb1 $142 45. Ke4 (45. Rxd3 $2 a2 $19) 45... g6 46.
fxg6 Kxe6) 45. fxg6 {[%emt 0:05:14] Hoping for g7.} Kxe6 46.
Ke4 c5 47. Rf2 {[%emt 0:06:10] Threatening
mate with g7.} Rb8 48. g7 Rg8 49. Rf6+ Ke7 50. Kxd3 Rxg7 51. Ra6 {[%emt 0:00:01] Ra7+ would kill now.} Rg3 52. Rxa3 Rxh3 53. Ra5 {[%emt 0:01:44]
White mates.} Ke6 54. Rxc5 Rh4 55. Rd5 Rg4 56. e4 Rg1 57. Kd4 Rd1+ 58. Kc5 Re1 59. Kc6 {[%emt 0:01:38] Weighted Error
Value: White=0.63/Black=0.46} (59. Kb6 $142 Rxe4 60. Rd6+ Ke7 61. c5 Rxe5 62.
Rd3 Re1 63. c6 Rc1 64. Kb7) 1-0

[Event "44th Chess Olympiad Open 2022"]
[Site "Chennai"]
[Date "2022.07.30"]
[Round "2.21"]
[White "Sanal, Vahap"]
[Black "Olson, Hamish"]
[Result "1-0"]
[WhiteElo "2574"]
[BlackElo "2343"]
[Annotator "TA"]
[PlyCount "103"]
[EventDate "2022.??.??"]
[TimeControl "60"]

1. e4 e5 2. Nf3 Nc6 3. Bb5 a6 4. Ba4 Nf6 5. O-O Be7 6. Re1 b5 7. Bb3 O-O 8. h3 Na5 9. Nxe5 Nxb3 10. axb3 Bb7 11. d3 d5 $1 {[%emt 0:00:19] C88: Closed
Ruy Lopez: Anti-Marshall Systems.} 12. exd5 Qxd5 13. Qf3 Bd6 {[%emt 0:00:21] [#]
And now ...Qxe5 would win. White is slightly better.} 14. Kf1 $1 Rfb8 {[%emt 0:00:22] Threatens to win with ...Qxe5.} 15. Qxd5 Nxd5 16. Bd2 c5 17. Nc3 Nb4 18. Rac1 {[%emt 0:00:15] [#]} Re8 $146 ({Predecessor:} 18... Rd8 19. Ng4 f5 20. Ne5 Rac8 21. Re2 Bf8
22. Bf4 Rd6 23. f3 Rd4 24. Be3 Rdd8 {½-½ (68) Grobler,D (2279)-Reed,A (2179)
ICCF email 2019}) 19. Ng4 Rxe1+ 20. Bxe1 f5 21. Ne3 g6 22. Ne2 Re8 23. Bd2 Kf7 24. f3 h5 25. Kf2 h4 26. Nf1 Kf6 27.
Bc3+ Kf7 28. Bd2 Kf6 29. Bc3+ Kf7 30. Bxb4 cxb4 31. c4 bxc3 32. bxc3 g5 33.
c4 b4 34. d4 g4 35. hxg4 fxg4 36. fxg4 Bxg2 $1 {[%emt 0:12:01] A strong pair of Bishops.} 37. c5 ({
Reject} 37. Kxg2 Rxe2+ 38. Kf3 Rb2) 37... Bc7 {[%emt 0:06:55] ...h3 is the
strong threat.} 38. Ne3 Rxe3 39. Kxe3 $11 {
[%emt 0:00:17] Endgame KRN-KB} h3 40. Kf2 Bd5 41. Ng1 $1 h2 ({Resist} 
41... Bf4 42. Ra1 h2 43. Nf3 $14) 42. Nf3 {[%emt 0:00:08] Hoping for c6.} a5 $1 43. c6 {[%emt 0:06:38] aiming for Ke3.} a4 ({
Don't do} 43... Bf4 44. c7 Bb7 45. Ne5+ Ke6 46. Rd1 $16) 44. bxa4 b3 $2 {[%emt 0:01:00] [#] Loses the game.} (44... Ba2 $11) 45. Nxh2 $1 $18
{[%emt 0:03:03] White is clearly winning.} Be4 46. Ke3 Bg6 {[%emt 0:01:37] [#]} 47. Rf1+ $1 Ke7 48. Nf3 b2 49. Nd2 Bc2 50. g5 Ba5 51.
Nb1 Bb4 {[%emt 0:00:41] [#]} 52. Rf2 $1 {[%emt 0:00:57]
Weighted Error Value: White=0.07 (flawless) /Black=0.19 (very precise)} 1-0

[Event "44th Chess Olympiad Open 2022"]
[Site "Chennai"]
[Date "2022.07.30"]
[Round "2.21"]
[White "Gourlay, Iain"]
[Black "Can, Emre"]
[Result "0-1"]
[WhiteElo "2321"]
[BlackElo "2606"]
[Annotator "TA"]
[PlyCount "84"]
[EventDate "2022.??.??"]
[TimeControl "60"]

1. d4 Nf6 2. Nf3 g6 3. g3 c5 4. dxc5 Qa5+ 5. Nfd2 Bg7 6. Bg2 {[%emt 0:03:10] A49:1 d4 Nf6 2 Nf3 g6 3 g3: Anti-King's Indian
systems.} O-O 7. Nc3 Qxc5 8.
Nb3 {[%emt 0:01:16] White has an edge.} Qb6 9. Bg5 h6 10. Be3 Qd8 11.
Qd2 Kh7 {[%emt 0:13:08] [#]} 12. h4 $146 {[%emt 0:07:48][%cal
Yh4h5] h5! is the strong threat.} ({Predecessor:} 12. O-O-O Nc6 13. h4 h5 14.
Ne4 d6 15. Nxf6+ Bxf6 16. Bh6 Rh8 17. Bg5 Bg7 18. Bd5 {0-1 (30) Perez Garcia,A
(2319)-Grigoryan,K (2647) Seville 2021}) 12... h5 $1 13. Ne4 Nxe4 14. Bxe4 Nc6 15. O-O-O d6 16. f3 Ne5 17. Bd3 {[%emt 0:
00:00] Against Nc4} Nxd3+ 18. exd3 a5 19. g4 a4 (19... hxg4 $5 20. h5 g5 $11) 20. Nd4 Ra5 21. Rdg1 Rh8 22. Ne2 Kg8 23. gxh5 (23. Qb4 $11 Ra6
24. a3) 23... Raxh5 $15 ({Resist} 23... Rhxh5 24. Nf4 $11) 24.
Bg5 $1 f6 25. Be3 g5 $36 {
[%emt 0:00:24][%cal Yg6g5,Yg5h4,Yh4h3,Yh3h2] Black has good play.} 26. f4 (26. Bf2 $11 {keeps the balance.}) 26... Rxh4 $17 27. Rxh4 gxh4 ({Of course not} 27...
Rxh4 $6 28. fxg5 Rg4 29. Rxg4 Bxg4 30. gxf6 Bxf6 31. Nf4 $11) 28. f5 Bxf5 29. Nd4 $2 {[%emt 0:00:00] Now White is beyond
hope.} (29. Bh6 $17 Rh7 30. Qf4) 29... Bc8 $19 ({Stronger than
} 29... Bh3 30. Bh6 Rh7 31. Qf2 $17) 30. Qg2 {[%emt 0:00:00][%csl Gg1][%cal
Rg2g7] [#]} Qf8 31. Qd5+ Qf7 32. Qa5 (32. Nf5 {was the only defense.} Qxd5 33. Nxe7+ Kf7
34. Nxd5) 32... h3 33. Nf5 Bxf5 34. Qxf5 Rh5 35. Qc8+ Kh7 {[%emt 0:00:33] [#] Strongly threatening ...h2.} 36. Qxb7 h2 37. Rh1 Qxa2 {[%emt 0:00:00] And now ...
f5 would win.} 38. Bf4 (38. Qf3 $142 Rh4 39. Qg2) 38... f5 {
[%emt 0:00:39] Black is clearly winning.} 39. Rxh2 Rxh2 40. Bxh2 Bh6+ 41. Kd1 Qb1+ 42. Ke2 Qxc2+ {[%emt 0:
00:09] Weighted Error Value: White=0.57/Black=0.07 (flawless)} 0-1

[Event "44th Chess Olympiad Open 2022"]
[Site "Chennai"]
[Date "2022.07.30"]
[Round "2.21"]
[White "Tate, Alan"]
[Black "Ali Marandi, Cemil Can"]
[Result "0-1"]
[WhiteElo "2313"]
[BlackElo "2561"]
[Annotator "TA"]
[PlyCount "44"]
[EventDate "2022.??.??"]
[TimeControl "60"]

1. Nf3 d5 2. g3 Bg4 3. Bg2 Nd7 4. h3 Bxf3 5. Bxf3 e6 6. d4 {[%emt 0:01:58] A07: Réti Opening:
New York and Capablanca Systems.} Bd6 {[%emt 0:04:12] [#]} 7. Nd2 $146 ({Predecessor:} 7. e4 dxe4 8. Bxe4 c6 9. O-O Ngf6 10. Bg2 O-O
11. c4 e5 12. Nc3 exd4 13. Qxd4 {1-0 (47) Antonsen,M (2428)-Petersen,S (2089)
Copenhagen 2019}) 7... Ne7 8. e4 {[%emt 0:04:28] White is
slightly better.} c6 9. O-O O-O 10. Re1 Re8 11. c3 e5 12. exd5 cxd5 13. dxe5 Nxe5 14. Nb3 Qd7 15. Bg2 ({Wrong is} 15. Bxd5 $2 Nxd5 16. Qxd5 Nf3+ $1 17.
Qxf3 Rxe1+ 18. Kh2 Qb5 $19) 15... Nc4 16. Nd2 Rad8 17. Nxc4 dxc4 18. Qg4 Qb5 {[%emt 0:08:05] [#]} ({Black should try} 18... Qxg4 19.
hxg4 Bc5) 19. Bf1 ({Better is} 19. a4 $1 Qb6
20. Be3 Qxb2 21. Qxc4) 19... Ng6 $16 20. Bg5 Rc8 21. Rxe8+ Rxe8 22. Qxc4
$2 Qxg5 {[%emt 0:00:19] Weighted Error Value: White=0.31/
Black=0.19 (very precise)} 0-1

[Event "44th Chess Olympiad Open 2022"]
[Site "Chennai"]
[Date "2022.07.30"]
[Round "2.22"]
[White "Nabaty, Tamir"]
[Black "Cawdery, Daniel"]
[Result "1-0"]
[WhiteElo "2631"]
[BlackElo "2417"]
[Annotator "TA"]
[PlyCount "55"]
[EventDate "2022.??.??"]
[TimeControl "60"]

1. d4 Nf6 2. c4 g6 3. f3 d5 4. cxd5 Nxd5 5. e4 Nb6 6. Be3 Bg7 7. Nc3 O-O 8. Qd2 e5 9. d5 c6 {
[%emt 0:00:10] D70: Grünfeld: Unusual White 3rd moves (met by ...d5).} 10. h4 cxd5 $1 11. exd5 N8d7 {
[%emt 0:01:50] The position is equal.} 12. h5 Nf6 13. hxg6 fxg6 14. O-O-O Bd7 15. Kb1 Rc8 16. d6 Be6 17. Nh3 $1 {
[%emt 0:21:25] [#] Ng5 is the strong threat.} Nfd5 $146 {[%emt 0:04:13] This
move loses the game for Black.} (17... Nbd5 $1 $14 18. Nxd5 Bxd5) ({
Predecessor:} 17... Nbd5 18. Nxd5 Bxd5 19. Bg5 Be6 20. Nf2 Qd7 21. Qb4 a6 22.
Bxf6 Bxf6 23. Ne4 Bf5 {1-0 (31) Hillarp Persson,T (2530)-Wojciechowski,P (2159)
Jersey 2004}) 18. Nxd5 $18 ({Not} 18. Ng5 Qxd6 19. Nce4 Qd7
$16) 18... Nxd5 19. Ng5 Bf5+ 20. Bd3 {[%emt 0:00:00] Strongly threatening Bxf5. Really sharp!} ({Weaker is} 
20. Ka1 Nxe3 21. Qxe3 Qb6 22. Qb3+ Qxb3 23. axb3 Bc2 $18) 20... Qd7 21. Nxh7 {[%emt 0:00:00] White is clearly winning.} Rfd8 22. Bg5 Nf4 23. Be4 {[%emt 0:00:00] [#]
And now Nf6+ would win.} Bxe4+ 24. fxe4 Qc6 25. d7 Qxe4+ 26. Ka1 Ra8 27. Nf6+ Bxf6 28. Bxf6 {[%emt 0:00:00] Weighted Error Value: White=0.01 (flawless) /
Black=0.77} 1-0

[Event "44th Chess Olympiad Open 2022"]
[Site "Chennai"]
[Date "2022.07.30"]
[Round "2.22"]
[White "Rodshtein, Maxim"]
[Black "Mhango, Banele"]
[Result "0-1"]
[WhiteElo "2596"]
[BlackElo "2238"]
[Annotator "TA"]
[PlyCount "102"]
[EventDate "2022.??.??"]
[TimeControl "60"]

1. d4 Nf6 2. c4 c5 3. d5 g6 4. Nc3 Bg7 5. e4 d6 6. h3 O-O 7. Nf3 e6 8. Bd3 Na6 9. O-O Nc7 {[%emt 0:01:03] 9...e5 is the fancy move.} 10. dxe6 {
[%emt 0:07:26] E90: King's Indian: Classical: Early deviations and 6 h3.} (10.
Qb3 $14) 10... Nxe6 $11 11. Be3 a6 12. Qd2 {[%emt 0:07:07] [#] White is slightly better.} b5 $146 ({Predecessor:} 12... Re8 13. Nd5 Bd7 14. Rad1 b5 15. Qc2 Bc6
16. Rfe1 Qb8 17. b3 Qb7 18. Bf1 Rad8 {½-½ (46) Kantor,G (2255)-Farago,S 
(2269) Budapest 2011}) 13. cxb5 axb5 14. Nxb5 d5 15. exd5 Nxd5 16. Bh6 Bxh6 17. Qxh6 Ndf4 18. Be4 Rb8 19. Rad1 Qf6 20. Nc3 (20. a4 $11 {
keeps the balance.}) 20... Rxb2 21. Nd5 Nxd5 22. Bxd5 Qf4 23. Qxf4 Nxf4 24. Bc4 {[%emt 0:11:40] Against Ba6} Be6 25. Bxe6 Nxe6 26. Rd2 Rxd2 27. Nxd2 {[%emt 0:00:03] Endgame KRN-KRN}
Ra8 28. Rc1 (28. Ra1 $11) 28... Rxa2 $15 29. Nb3 Nd4 (29... Nf4 $5 30. Rxc5 Nd3 31. Rc8+ Kg7 $17) 30. Nxd4 cxd4 {
[%emt 0:00:05] KR-KR} 31. Rc8+ Kg7 32. Rd8 Ra1+ 33. Kh2 Rd1 34. Kg3 Kf6 35. Kf4 Rd2 36. f3 (36. Kf3 $15) 36... g5+ ({And not} 36... Rxg2 37. Rd6+ Kg7 38. Rxd4 $17) 37. Kg3 Ke5 {[%emt 0:02:23] Inhibits f4+. aiming for ...d3.} 38. Rh8
$2 {[%emt 0:00:31] [#] Now White is beyond hope.} (38. Re8+ $17 {is the only
way for White.} Kf5 39. Re7) 38... d3 $1 $19 39. f4+ (39. Rxh7 $142 Rxg2+ 40. Kxg2) 39... gxf4+ 40. Kf3 Rd1 {[%emt 0:00:16] White must now prevent ...Rf1+.} 41. Kf2 {
[%emt 0:31:10] Prevents Rf1+.} Kd4 42. Rxh7 Rh1 {[%emt 0:04:36] Black mates.} 43. Rxf7 d2 44. Rd7+ Kc3 45. Kf3 d1=Q+ 46. Rxd1 Rxd1 47. Kxf4 {
[%emt 0:00:02] KR-KPP} Kd4 48. h4 Kd5 49. Kg5 Ke6 50. g4 Kf7 51. Kh6 Rd4 {[%emt 0:01:02]
Weighted Error Value: White=0.72/ Black=0.07 (flawless)} 0-1

[Event "44th Chess Olympiad Open 2022"]
[Site "Chennai"]
[Date "2022.07.30"]
[Round "2.22"]
[White "Solomon, Kenny"]
[Black "Boruchovsky, Avital"]
[Result "1/2-1/2"]
[WhiteElo "2355"]
[BlackElo "2551"]
[Annotator "TA"]
[PlyCount "107"]
[EventDate "2022.??.??"]
[TimeControl "60"]

1. e4 c5 2. Nf3 d6 3. c3 Nf6 4. Be2 e6 5. O-O Nc6 6. d3 Be7 7. Nbd2 {[%emt 0:06:11] has lost
popularity (7.Re1).} e5 {[%emt 0:02:58] B50: Sicilian: 2...d6, Miscellaneous.}
8. Re1 O-O 9. Bf1 Re8 10. a3 {[%emt 0:12:18] [#]} a6 $146 ({
Predecessor:} 10... Nb8 11. b4 Nbd7 12. bxc5 dxc5 13. Nc4 Bf8 14. Bg5 Qc7 15.
d4 exd4 16. e5 Nd5 17. cxd4 {1-0 (39) Yudasin,L (2600)-Del Campo,M Chicago 1997
}) 11. b4 d5 12. exd5 Nxd5 13. Bb2 Bf8 14. g3 ({Better is} 14. c4 $14 Nf6 15. Nxe5) 14... Nb6 15.
Qc2 Bf5 16. Ne4 cxb4 17. axb4 Rc8 18.
Qb1 h6 19. Nh4 Bh7 20. Qa2 Qc7 21. Bh3 Rcd8 22. Rad1 Nc8 23. Nf5 Kh8 24. Qb3 Nb6 25. Ne3 Bg8 {[%emt 0:00:45][%cal Yf7f5] White
must now prevent ...f5!} 26. Qc2 $1 Nd5 27.
Nxd5 Rxd5 28. Qe2 Bh7 29. Qf3 {[%emt 0:00:56][%cal Ye4f6] And now Nf6! would win.}
Rdd8 30. Bg4 Bg6 31. h4 Na7 32. h5 Bh7 33. Bf5 Bxf5 34. Qxf5 Qd7 35. g4 Qxf5 36. gxf5 Nc8 37.
Kg2 Ne7 38. Ng3 (38. Nc5 $5 ) 38... Nd5 39. Kf3 Rc8 40. Rc1 f6 41. Ne2 Nb6 42. Ng3 Red8 43.
Red1 Rd7 44. Ra1 Rcd8 {
[%emt 0:04:12][%cal Yb6c4] Strongly threatening ...Nc4!} 45. Ke4 {[%emt 0:02:
02] [#]} Nc4 $1 46. Rab1 Kg8 47. Ba1 {[%emt 0:00:15] [#]} (47. Bc1 $1 $15) 47... b5 (47...
b6 $1 $17 48. d4 Re8) 48. Bb2 $15 Nb6 49. Bc1 Rc8 {[%emt 0:01:09] Threatens to win
with ...Nd5.} 50. Bd2 Rc6 (50... Na4 $5 51. Ne2 Kh7 $15) 51. Rb3 Kf7 52. f4 (52. Be3 $11) 52... exf4 (52... Be7
$15) 53. Ne2 $1 $11 f3 54. Nd4 {[%emt 0:00:
02] Weighted Error Value: White=0.12 (very precise) / Black=0.12 (very precise)
} 1/2-1/2

[Event "44th Chess Olympiad Open 2022"]
[Site "Chennai"]
[Date "2022.07.30"]
[Round "2.22"]
[White "Zhakshylykov, Erzhan"]
[Black "Ivanisevic, Ivan"]
[Result "0-1"]
[WhiteElo "2332"]
[BlackElo "2561"]
[Annotator "ChessBase"]
[PlyCount "102"]
[EventDate "2022.??.??"]
[TimeControl "60"]

1. d4 Nf6 2. c4 c5 3. d5 g6 4. Nc3 Bg7 5. e4 d6 6. h3 O-O 7. Nf3 e6 8. Bd3 Na6 9. O-O Nc7 10. dxe6 Nxe6 11. Be3 a6 12. Qd2 b5 13. cxb5 axb5 14. Nxb5 d5 15. exd5 Nxd5 16. Bh6 Bxh6 17. Qxh6 Ndf4 18. Be4 Rb8 19. Rad1 Qf6 20. Nc3 Rxb2 21. Nd5 Nxd5 22. Bxd5 Qf4 23. Qxf4 Nxf4 24. Bc4 Be6 25. Bxe6 Nxe6 26. Rd2 Rxd2 27. Nxd2 Ra8 28. Rc1 Rxa2 29. Nb3 Nd4 30. Nxd4 cxd4 31. Rc8+ Kg7 32. Rd8 Ra1+ 33. Kh2 Rd1 34. Kg3 Kf6 35. Kf4 Rd2 36. f3 g5+ 37. Kg3 Ke5 38. Rh8 d3 39. f4+ gxf4+ 40. Kf3 Rd1 41. Kf2 Kd4 42. Rxh7 Rh1 43. Rxf7 d2 44. Rd7+ Kc3 45. Kf3 d1=Q+ 46. Rxd1 Rxd1 47. Kxf4 Kd4 48. h4 Kd5 49. Kg5 Ke6 50. g4 Kf7 51. Kh6 Rd4 0-1

[Event "44th Chess Olympiad Open 2022"]
[Site "Chennai"]
[Date "2022.07.30"]
[Round "2.22"]
[White "Barrish, Daniel"]
[Black "Smirin, Ilia"]
[Result "0-1"]
[WhiteElo "2283"]
[BlackElo "2601"]
[Annotator "TA"]
[PlyCount "164"]
[EventDate "2022.??.??"]
[TimeControl "60"]

1. d4 Nf6 2. Bf4 c5 3. d5 d6 4. Nc3 a6 5. a4 e5 6. Bg5 {[%emt 0:00:17] A45: Trompowsky Attack.} Be7 7. Bxf6 Bxf6 8. e4 {[%emt 0:00:
00] White has an edge.} b6 9. Nf3 O-O {
[%emt 0:00:30] [#]} 10. h4 $146 ({Predecessor:} 10. Nd2 Nd7
11. Nc4 Be7 12. Be2 Nf6 13. O-O Bd7 14. Kh1 Rb8 15. Nxe5 dxe5 16. d6 {½-½ 
(48) Rogos,J (2473)-Kristjansson,A (2420) ICCF email 2011}) 10... Be7 11. g3 Ra7 12. Bh3 Bxh3 13. Rxh3 Qc8 14. Rh1 f5 (14... Rb7 $11) 15. Nd2 (
15. Ng5 $1 $16) 15... f4 16. Qe2 fxg3 17. fxg3 Nd7 18. Nc4 Qd8 19. Rb1 (19. O-O-O $16)
19... Rb7 (19... Nf6 $5 ) 20. Na3 {[%emt 0:00:
00] Against b5} b5 21. axb5 axb5 22. Ncxb5 Qa5+ (22... c4 $11 {might be
stronger.}) 23. Kd1 $14 Qb4 24. b3 Nf6 25. c4 $1 Qa5 26. Rf1 h5 27. Nc2 Ra8 28. Kc1 Qd8 29. Kb2 Qd7 (29... Qa5 $2 30. Ra1 Qd8 31. Rxa8 Qxa8 32. Qf3
$16) 30. Ra1 Rbb8 31. Ra4 (
31. Ne3 {is more complex.} g6 32. Qg2 Kg7 33. Rfb1) 31... Rxa4 32. bxa4 Ra8 33. Ra1 Bd8 34. Qf3 Ba5 (34... Be7 $142)
35. Ne3 $1 $16 Rf8 36. Rf1 (
36. Qf5 $142) 36... g6 37. Qg2 Kg7 38. Kb3 Bd8 39. Kc2 Qc8 (39... Ba5 $14) 40. Kd3 (40. Nxd6 Qa6 41.
Nb5 Qxa4+ 42. Kb2 Ba5 $11) (40. a5 $142 $1) 40... Qa6 41. Qc2 Rf7 (41... Ba5 $142) 42. Qd1 (42. a5 $142 $1) 42... Rf8 43. Nc3 Ba5 {
[%emt 0:02:17] ...Bxc3 is the strong threat. The board is on fire.} 44. Nb5 Bd8 $1 45. Rh1 (45. Rf2 $16)
45... Rf7 ({Better is} 45... Ng4 $1 $11 46. Nxg4 hxg4) 46. Rh2 (46. a5 $14) 46... Rf8 (46... Ng4 $1 $11 47.
Nxg4 hxg4) 47. Rb2 Ba5 48. Qe2 Bd8 49. Nc3 {[%emt 0:01:35] Pair of Knights!} ({White
should try} 49. Ra2 $16) 49... Ba5 $11 50. Ncd1 Bb4 51. Ra2 Rb8 52. Qc2 Be1 53. Rb2 Rb4 54. Rxb4 cxb4 55. Ke2 $2 (55. Nf1 $1 $11) 55... Bxg3 $19 56. Kf3 (
56. Ng2 $142) 56... Bxh4 {[%emt 0:01:59] And now ...Nd7 would win.} 57. c5 {
[%emt 0:00:00] [#]} dxc5 58. Qxc5 (58. Qh2 $142 Bg5 59. Qxe5) 58... Qb7 $2 ({Weaker is} 58...
Qd3 59. Qe7+ Kg8 60. Qd8+ Kf7 61. Qc7+ Kf8 62. Qd8+ Kg7 63. Qe7+ Kh8 64. Qd8+
Kh7 65. Qe7+ Kh8 66. Qd8+ Kh7 67. Qe7+ Kh8 $11) (58... Nh7 $19 {( -> ...Ng5+)}
59. Qb5 (59. Qc7+ $2 Kh6 $19) 59... Ng5+ 60. Ke2 Qxb5+ 61. axb5 Nxe4) 59. Qd6 Ng4 60. Nxg4 Qf7+ ({Much worse is} 60... hxg4+ 61. Kxg4 Bf6 62. Qc6 $11) 61. Ke2 hxg4 62. Qxe5+ {
[%emt 0:00:00] Endgame [#] KQB-KQN} Kh7 $1 63. d6 $2 (63. Qh2 Qf6 64. Qc7+ Kh6 65. Ne3 Qf3+ 66. Kd3) 63... Qf3+ 64. Kd2 g3 {[%emt 0:00:05] Inhibits Qh2. Strongly
threatening ...Bf6.} 65. d7 Bd8 66. Ne3 b3 (66... Qf2+ $142 67. Kd3 b3 68. Qb8 b2 69.
Nd1 Qf3+ 70. Kc2 g2 71. Qh2+ Kg7 72. Nxb2 Qxe4+ 73. Nd3 Qxa4+ 74. Kd2 Qa2+ 75.
Kd1 Qa1+ 76. Ke2 Qf1+ 77. Kd2 g1=Q 78. Qxg1 Qxg1 79. Kc3 Qe3 80. Kc4 Qe2 81.
Kd4 Bf6+ 82. Kc4 Qc2+ 83. Kb4 Qxd3 84. d8=B Bxd8 85. Kc5 Qc3+ 86. Kd5 Bb6 87.
Ke6 Qc4+ 88. Kd6 Kf6 89. Kd7 Qe6#) 67. Qb8 Bg5 68. Qxb3 g2 69. d8=Q Bxd8 70. Qb7+ Kh6 71. Nxg2 Bg5+ (71... Qxg2+ $142 72. Ke3 Bg5+ 73. Kd4
Bf6+ 74. Ke3 Qg3+ 75. Ke2 Qg4+ 76. Kd2 Bg5+ 77. Kc3 Qd1 78. Qd5 Qxa4 79. e5 Be7
80. Kd2 Qf4+ 81. Kd1 Kg7 82. Ke2 g5 83. Qe6 Qe4+ 84. Kd1 Qd3+ 85. Ke1 Qe4+ 86.
Kd1 Qd3+ 87. Ke1 Bb4+ 88. Kf2 Bc5+ 89. Kg2 Qe2+ 90. Kh3 Qf3+ 91. Kh2 Qh5+ 92.
Kg3 Qf7 93. Qc6 Bd4 94. Qc1 Qf2+ 95. Kg4 Qe2+ 96. Kf5 Qxe5+ 97. Kg4 Qe4+ 98.
Kg3 Be5+ 99. Kf2 Kg6 100. Qa3 g4 101. Kf1 g3 102. Qa6+ Kg5 103. Qb5 Qf5+ 104.
Ke2 Qf2+ 105. Kd1 Qd4+ 106. Kc2 g2 107. Qb3 Qf2+ 108. Kd3 Qf3+ 109. Kc4 Qxb3+
110. Kxb3 g1=Q 111. Kb4 Qd4+ 112. Kb5 Qc3 113. Kb6 Qc4 114. Kb7 Qb5+ 115. Kc8
Qc6+ 116. Kd8 Bf6#) 72. Kc2 Qxg2+ 73. Kb3 Bf6 74. Qd5 Qb2+ 75. Kc4 Bc3 {[%emt 0:00:49] Threatens to win with ...Be1.
} 76. Qc6 $2 (76. Qc5 {was worth a try.} Bf6 77. Qe3+ g5 78.
Qh3+ Kg6 79. Qf5+ Kh6 80. Qh3+ Kg6 81. Qf5+ Kh6 82. Qh3+) 76... Qb4+ 77. Kd5 (77. Kd3 $19 Qd4+ 78. Kc2) 77... Qd4+ {
[%emt 0:00:19] Black mates.} 78. Ke6 Qf6+ 79.
Kd7 Qxc6+ 80. Kxc6 g5 81. Kd5 g4 82. Kc4 {[%emt 0:00:00] [#]} g3 $1 {[%emt 0:00:12] Black used his
chance. Weighted Error Value: White=0.25 (precise) /Black=0.21 (precise)} 0-1